 Dungeon Crawl Stone Soup version 0.30.0-5-g1a98f26d00 (webtiles) character file.

Game seed: 8354550485919971845

8273 SnakkuSnakku7 the Martial Artist (level 11, -3/85 (117) HPs)
             Began as a Vampire Hedge Wizard on May 12, 2023.
             Was a Follower of Ru.
             Slain by an orc warrior
             ... wielding a +0 halberd of electrocution
              (19 damage)
             ... in a bailey.
             The game lasted 00:16:49 (8957 turns).

SnakkuSnakku7 the Martial Artist (VpHW)             Turns: 8957, Time: 00:16:51

HP:   -3/85 (117)   AC: 25    Str: 13    XL:     11   Next: 7%
MP:   15/15         EV:  2    Int: 18    God:    Ru [*.....]
Gold: 75            SH:  0    Dex: 13    Spells: 14/15 levels left

rFire   . .          .
                       - Unarmed
rCold   . . .        (no shield)
rNeg    . . .        C - melded +3 scale mail of Egalitarianism {Str+3}
rPois   +            o - melded +0 helmet
rElec   .            (cloak currently unavailable)
rCorr   .            H - melded +1 pair of gloves
SInv    +            j - melded +1 pair of boots "Xoxt" {SInv}
Will    +....        (no amulet)
Stlth   ++           b - +4 ring of slaying
HPRegen 0.54/turn    y - ring of poison resistance
MPRegen 0.14/turn

%: no passive effects
@: tree-form, attractive, healing quickly, very heavily drained
A: stationary, stasis, torment immunity, boosted hp, alive, (fangs 3), see
invisible, unskilled 1, vampiric 2
a: Exsanguinate, Renounce Religion


You were in a bailey.
You worshipped Ru.
Ru was aware of your devotion.
You were a tree.
You visited 2 branches of the dungeon, and saw 10 of its levels.
You also visited: Bailey.

You collected 472 gold pieces.
You spent 397 gold pieces at shops.

Inventory:

Hand Weapons
 a - a +0 dagger
 e - a +0 short sword
Missiles
 r - 4 poisoned darts (quivered)
Armour
 j - the +1 pair of boots "Xoxt" (melded) {SInv}
   (You found it on level 5 of the Dungeon)

   SInv:      It lets you see invisible.
 o - a +0 helmet (melded)
 C - the +3 scale mail of Egalitarianism (melded) {Str+3}
   (You found it on level 5 of the Dungeon)

   Str:       It affects your strength (+3).
 H - a +1 pair of gloves (melded)
Jewellery
 b - a +4 ring of slaying (left branch)
 q - a ring of ice
 u - a ring of protection from fire
 y - a ring of poison resistance (right branch)
Scrolls
 c - a scroll of identify
 f - a scroll of summoning {unknown}
 i - 3 scrolls of blinking
 k - 2 scrolls of fear
 p - a scroll of torment {unknown}
 t - 2 scrolls of teleportation
 w - a scroll of enchant armour {unknown}
 B - a scroll of amnesia {unknown}
 E - 2 scrolls of enchant weapon {unknown}
 G - a scroll of vulnerability {unknown}
Potions
 d - 6 potions of magic
 g - 4 potions of might
 h - 2 potions of heal wounds {unknown}
 l - 3 potions of degeneration {unknown}
 m - 2 potions of brilliance {unknown}
 n - a potion of experience {unknown}
 s - a potion of curing {unknown}
 v - 2 potions of cancellation
 x - 2 potions of ambrosia {unknown}
 z - 5 potions of attraction
 F - a potion of resistance


   Skills:
 - Level 4.5 Fighting
 - Level 3.6 Throwing
 - Level 4.8 Armour
 - Level 2.0 Dodging
 - Level 2.6 Stealth
 + Level 13.8 Unarmed Combat
 - Level 2.6 Spellcasting
 - Level 0.5 Conjurations
 - Level 0.8 Summonings
 - Level 0.6 Translocations


You had 14 spell levels left.
You knew the following spells:

 Your Spells              Type           Power      Damage    Failure   Level
a - Magic Dart            Conj           16%        1d3       14%         1

Your spell library contained the following spells:

 Spells                   Type           Power      Damage    Failure   Level
 Summon Small Mammal      Summ           20%        N/A       12%         1
 Slow                     Hex            8%         N/A       17%         1
 Call Imp                 Summ           10%        N/A       19%         2
 Blink                    Tloc           8%         N/A       21%         2
 Lesser Beckoning         Tloc           8%         N/A       21%         2
 Cigotuvi's Dreadful Rot  Necr/Pois/Air  4%         N/A       26%         2
 Call Canine Familiar     Summ           5%         N/A       34%         3
 Gell's Gravitas          Tloc           4%         N/A       36%         3
 Teleport Other           Tloc           4%         N/A       36%         3
 Summon Guardian Golem    Hex/Summ       3%         N/A       38%         3
 Mephitic Cloud           Conj/Pois/Air  3%         N/A       43%         3
 Ignite Poison            Fire/Tmut/Pois 2%         N/A       45%         3
 Inner Flame              Hex/Fire       2%         N/A       45%         3
 Flame Wave               Conj/Fire      3%         2d5       83%         4
 Sticky Flame             Conj/Fire      3%         2d3       83%         4
 Iskenderun's Battlesphe  Conj           4%         2d6       98%         5
 Freezing Cloud           Conj/Ice/Air   1%         6-21      99%         5
 Iron Shot                Conj/Erth      1%         9d1       100%        6
 Spellforged Servitor     Conj/Summ      2%         N/A       100%        7


Dungeon Overview and Level Annotations

Branches:
Dungeon (9/15)             Temple (1/1) D:7            Lair (0/5) D:8
 Bailey (1/1)
    Orc: D:9-12

Altars:
Ashenzari
Cheibriados
Dithmenos
Gozag
Hepliaklqana
Kikubaaqudgha
Okawaru
Qazlal
Ru
Sif Muna
Trog
Uskayaw
Yredelemnul

Shops:
D:1 [   D:7 =*   D:8 [   D:9 *

Annotations:
D:7 2 transporters, trckry's ghost, novice DsWn
D:9 3 runed translucent doors, exclusion: orange crystal statue


Innate Abilities, Weirdness & Mutations

You are a tree.
Your roots penetrate the ground, keeping you stationary.
You cannot be teleported.
You are immune to unholy pain and torment.
Your maximum health is greatly increased.
Your equipment is partially melded.
Your natural rate of healing is accelerated.
((You have razor-sharp teeth.))
You have supernaturally acute eyesight. (SInv)
You are somewhat unskilled. (-1 Apt)
You are afflicted with vampirism and can become a bat while bloodless.


Message History

The gnoll hits you but does no damage.
You feel drained. The gnoll barely misses you.
Things that are here:
a +0 halberd of draining; a gnoll corpse You hit the gnoll.
The gnoll is heavily wounded.
You closely miss the gnoll. You punch the gnoll.
You kill the gnoll!
The gnoll barely misses you.
The orc warrior hits you from afar with a +0 halberd of electrocution.
You are electrocuted!
The gnoll hits you with a +2 halberd of electrocution!
There is an open door, spattered with blood here.
You see here a +0 halberd of draining.
You barely miss the gnoll. The orc warrior barely misses you.
The gnoll hits you but does no damage.
You punch the gnoll!
The gnoll is almost dead.
The orc warrior hits you but does no damage.
You are electrocuted!
The gnoll hits you but does no damage. The gnoll hits you but does no damage.
You are electrocuted!
* * * LOW HITPOINT WARNING * * *
Things that are here:
a +0 halberd of draining; a gnoll corpse
There is an open door here.
There is a gate leading back out of this place here.
It was a potion of attraction.
You feel attractive to monsters. The gnoll barely misses you.
The gnoll is attracted toward you.
The orc warrior is attracted toward you.
Okay, then.
Really quaff the potion of lignification?
You turn into a tree.
Your +0 helmet melds into your body.
Your +1 pair of gloves melds into your body.
The +1 pair of boots "Xoxt" {SInv} melds into your body.
The +3 scale mail of Egalitarianism {Str+3} melds into your body.
Your roots penetrate the ground.
The orc warrior hits you but does no damage.
You are electrocuted!!
You die...

###go...### !.!.#
##.....# !.!#
##'##'##'# #' +##+
#.###.# #.#.# #)# ###
#### ### ##
#)###.###.#)###.###)#
##'##'##'###'##'##'#
##(....## ##.....##
###.....#####...♣.###
#)'..⌠(g')#)'..g..'.#
###.....#####.o...###
##.....## ##§....##
##'##'##o###'##'##'##
#)###)###())###.###∩#
### ### ##### ### ###


You could see an orc warrior and a gnoll.

Vanquished Creatures
  A two-headed ogre (D:8)
  Pikel (D:7)
  A komodo dragon (D:8)
  A troll (D:9)
  Prince Ribbit (D:5)
  16 yaks
  A steam dragon (D:8)
  Menkaure (D:5)
  Duvessa (D:5)
  2 water moccasins
  An ice beast (D:7)
  An orc warrior (D:9)
  4 sky beasts
  2 black bears
  5 ogres
  2 lemures (D:7)
  A phantom (D:6)
  Blork the orc (D:5)
  7 bullfrogs
  A kobold brigand (D:8)
  6 scorpions
  13 wights
  Dowan (D:5)
  A howler monkey (D:3)
  2 hounds
  6 orc priests
  2 iguanas
  9 orc wizards
  2 sleepcaps
  Robin (D:1)
  8 gnolls (Bailey)
  4 adders
  A white imp (D:6)
  A worm (D:3)
  3 dart slugs
  32 orcs
  3 ball pythons
  8 bats
  8 endoplasms
  15 hobgoblins
  4 jackals (D:3)
  5 frilled lizards
  12 goblins
  9 kobolds
  4 rats
211 creatures vanquished.

Vanquished Creatures (others)
  An orc (D:8)
1 creature vanquished.

Grand Total: 212 creatures vanquished

Notes
Turn   | Place    | Note
-------+----------+-------------------------------------------
     0 | D:1      | SnakkuSnakku7 the Vampire Hedge Wizard began the quest for
                  | the Orb.
     0 | D:1      | Reached XP level 1. HP: 13/13 MP: 4/4
   116 | D:1      | Reached skill level 1 in Unarmed Combat
   126 | D:1      | Reached skill level 1 in Fighting
   126 | D:1      | Reached XP level 2. HP: 13/21 MP: 6/6
   478 | D:1      | Found Dofa's Armour Shoppe.
   586 | D:1      | Reached skill level 2 in Unarmed Combat
   593 | D:1      | Gained mutation: You are afflicted with vampirism and can
                  | become a bat while bloodless. [Vampire growth]
   593 | D:1      | Reached XP level 3. HP: 25/26 MP: 7/7
  1031 | D:2      | Noticed Robin
  1146 | D:1      | Killed Robin
  1166 | D:2      | Reached skill level 1 in Throwing
  1234 | D:2      | Reached XP level 4. HP: 33/33 MP: 8/8
  1611 | D:2      | Reached skill level 3 in Unarmed Combat
  1830 | D:1      | Bought a +0 pair of boots for 54 gold pieces
  2061 | D:3      | Reached XP level 5. HP: 38/38 MP: 9/9
  2587 | D:4      | Reached skill level 4 in Unarmed Combat
  2763 | D:3      | Reached XP level 6. HP: 21/44 MP: 10/10
  3176 | D:4      | Reached skill level 5 in Unarmed Combat
  3324 | D:4      | Reached XP level 7. HP: 18/49 MP: 11/11
  3634 | D:5      | Entered Level 5 of the Dungeon
  3717 | D:5      | Reached skill level 6 in Unarmed Combat
  4096 | D:5      | Noticed Duvessa
  4127 | D:5      | Noticed Dowan
  4222 | D:5      | Killed Dowan
  4223 | D:5      | Reached skill level 7 in Unarmed Combat
  4235 | D:5      | Noticed Menkaure
  4247 | D:5      | Killed Menkaure
  4248 | D:5      | Reached XP level 8. HP: 6/60 MP: 12/12
  4505 | D:5      | HP: 3/60 [Duvessa/+0 short sword (6)]
  4506 | D:5      | Killed Duvessa
  4756 | D:5      | Identified the +1 pair of boots "Xoxt" {SInv}
  4868 | D:5      | Noticed Blork the orc
  4882 | D:5      | Reached skill level 8 in Unarmed Combat
  4883 | D:5      | Killed Blork the orc
  4983 | D:5      | Identified the +3 scale mail of Egalitarianism {Str+3}
  5064 | D:5      | Noticed Prince Ribbit
  5087 | D:5      | Killed Prince Ribbit
  5088 | D:5      | Reached skill level 5 in Fighting
  5583 | D:6      | Reached skill level 9 in Unarmed Combat
  6156 | D:6      | Found a large runed translucent door.
  6156 | D:6      | Found a large runed translucent door.
  6169 | D:6      | Reached XP level 9. HP: 68/68 MP: 13/13
  6265 | D:6      | Reached skill level 10 in Unarmed Combat
  6414 | D:6      | Found a basalt altar of Yredelemnul.
  6425 | D:6      | Found a hazy altar of Hepliaklqana.
  6471 | D:7      | Found a staircase to the Ecumenical Temple.
  6509 | Temple   | Entered the Ecumenical Temple
  6517 | Temple   | Became a worshipper of Ru the Awakened
  6582 | D:7      | Noticed Pikel
  6622 | D:7      | Reached skill level 11 in Unarmed Combat
  6640 | D:7      | Killed Pikel
  6641 | D:7      | Reached skill level 12 in Unarmed Combat
  6699 | D:7      | Reached skill level 1 in Armour
  6831 | D:7      | Found a bloodstained altar of Trog.
  6924 | D:7      | Noticed a moth of wrath
  6928 | D:7      | Noticed a two-headed ogre
  6928 | D:7      | Noticed trckry's ghost (novice DsWn)
  6930 | D:7      | Found a bloodstained altar of Trog.
  6958 | D:7      | Found a transporter.
  6961 | D:7      | Found a transporter.
  6992 | D:7      | Found Luasotop's Jewellery Boutique.
  7044 | D:7      | Found Apraacom's General Store.
  7390 | D:8      | Noticed a komodo dragon
  7452 | D:8      | Found a staircase to the Lair.
  7483 | D:8      | Gained mutation: You are somewhat unskilled. (-1 Apt) [Ru
                  | sacrifice]
  7483 | D:8      | Reduced skill Unarmed Combat to level 11
  7483 | D:8      | Reached * piety under Ru
  7494 | D:8      | Reached XP level 10. HP: 71/73 MP: 14/14
  7651 | D:8      | Found Kyg Elaf's Armour Shop.
  7666 | D:8      | Bought a +1 pair of gloves for 161 gold pieces
  7846 | D:8      | Noticed a two-headed ogre
  7864 | D:7      | Bought a scroll of fear for 48 gold pieces
  7864 | D:7      | Bought a scroll of blinking for 90 gold pieces
  8055 | D:8      | Killed a two-headed ogre
  8056 | D:8      | Reached skill level 12 in Unarmed Combat
  8507 | D:9      | Reached skill level 13 in Unarmed Combat
  8547 | D:9      | Found Rabbywka's General Store.
  8555 | D:9      | Bought a potion of might for 44 gold pieces
  8560 | D:9      | Noticed an orange crystal statue
  8591 | D:9      | Found a runed translucent gate.
  8591 | D:9      | Found a runed translucent gate.
  8591 | D:9      | Found a runed translucent gate.
  8591 | D:9      | Noticed a cyan ugly thing
  8592 | D:9      | Noticed a purple ugly thing
  8593 | D:9      | Noticed a green ugly thing
  8593 | D:9      | Noticed a brown ugly thing
  8593 | D:9      | Noticed a glowing orange brain
  8630 | D:9      | Reached XP level 11. HP: 71/78 MP: 15/15
  8687 | D:9      | Found a flagged portal.
  8699 | Bailey   | Entered a bailey
  8957 | Bailey   | Slain by an orc warrior

Illustrated notes

Levels and vault maps discovered:
D:1:      matt_arrival_grand_opening, layout_basic, serial_shops, shop,
          minmay_misc_feat_roman, corexii_leaking_fountain
D:2:      layout_loops_ring, uniq_robin
D:3:      layout_basic
D:4:      layout_rooms
D:5:      layout_layer_cave, mainiacjoe_overflow_concentric_impassable,
          uniq_menkaure, uniq_prince_ribbit1, uniq_duvessa, uniq_blork_the_orc
D:6:      layout_basic, jmf_multi_god_temple2
D:7:      layout_gridville, trog_book, minmay_temple_entry_glassed_door,
          gammafunk_ghost_wrathful_warriors, serial_shops, shop,
          nicolae_take_the_stairs, uniq_pikel
D:8:      layout_loops_ring, dpeg_oklobed_lair, minmay_shop_grid_forest,
          minmay_misc_feat_iff
D:9:      layout_rooms, david_orc_4, serial_shops, nicolae_diamond_shop,
          enter_bailey_2, ploomutoo_gammafunk_ghost_potion_laboratory,
          chequers_arboretum, minivault_16
Temple:   eino_narrow_crystal_temple
Bailey:   bailey_polearm_nasty_gnolls, bailey

Skill      XL: |  1  2  3  4  5  6  7  8  9 10 |
---------------+-------------------------------+-----
Unarmed Combat | 1 2 3 4 5 7 9 11 13 | 13.8
Fighting       | 1 3 5 4 |  4.5
Throwing       | 1 2 3 4 3 |  3.6
Armour         | 4 |  4.8
Stealth        | 2 |  2.6
Spellcasting   | 2 |  2.6
Summonings     | 0 |  0.8
Dodging        | |  2.0
Conjurations   | |  0.5
Translocations | |  0.6

Action                     |  1- 3 |  4- 6 |  7- 9 | 10-12 || total
---------------------------+-------+-------+-------+-------++-------
  Melee: Short sword       |   152 |       |       |       ||   152
         Dagger            |    12 |       |       |       ||    12
         Bite              |    13 |    19 |    50 |    33 ||   115
         Punch             |     3 |     6 |    25 |    25 ||    59
         Unarmed           |     1 |   198 |   395 |   250 ||   844
  Throw: Dart              |       |    29 |    24 |    21 ||    74
 Invoke: Sacrifice Skill   |       |       |     1 |       ||     1
    Use: Potion            |       |       |     2 |     2 ||     4
         Scroll            |       |       |     1 |     4 ||     5
   Stab: Sleeping          |    10 |     2 |     1 |       ||    13
         Distracted        |       |       |       |     1 ||     1
 Armour: Robe              |     6 |       |       |       ||     6
         Ring mail         |    56 |    59 |    56 |       ||   171
         Scale mail        |       |       |    98 |    75 ||   173
         Skin              |       |       |       |     1 ||     1
  Dodge: Dodged            |    92 |    76 |   146 |    98 ||   412
